[Event "Titled Tuesday Blitz February 22 Early 2022"]
[White "Osiecki, Stanislaw"]
[Black "Kirillov, Dmitry"]
[WhiteFideId "1102990"]
[BlackFideId "34180572"]
[WhiteElo "2127"]
[BlackElo "2076"]
[Result "1-0"]
[Round "02"]
[TimeControl "180+1"]
[Date "2022.02.22"]
[WhiteClock "0:00:33"]
[BlackClock "0:00:29"]

1. e4 c5 2. c3 d5 3. e5 Nc6 4. d4 Bf5 5. Bd3 Bxd3 6. Qxd3 e6 7. Ne2 Nge7 8. O-O Nf5 9. Rd1 Be7 10. a3 O-O 11. f4 cxd4 12. cxd4 Qb6 13. Nbc3 Nfxd4 14. Nxd4 Nxd4 15. Be3 Nf3+ 16. gxf3 d4 17. Bxd4 Bc5 18. Bxc5 Qxc5+ 19. Qd4 Qc6 20. Kg2 h6 21. Qd7 Qb6 22. Qb5 Qe3 23. Qb4 Rfd8 24. Qe4 Qb6 25. b4 Rdc8 26. Rac1 a5 27. b5 Qc5 28. a4 Qb6 29. Ne2 Rd8 30. Rxd8+ Rxd8 31. Rc2 Rd1 32. f5 exf5 33. Qxf5 Rd8 34. Rc8 g6 35. Rxd8+ Qxd8 36. Qe4 Qd2 37. h4 Qa2 38. Kg3 b6 39. e6 fxe6 40. Qxg6+ Kf8 41. Qxh6+ Ke7 42. Qg5+ Kd6 43. Qf4+ Kd7 44. Qd4+ Ke7 45. Nf4 Qb1 46. Qxb6 Qe1+ 47. Qf2 Qe5 48. Qd2 Qg7+ 49. Kf2 Qe5 50. Qe3 Qb2+ 51. Kg3 Qg7+ 52. Kh3 Qf7 53. Qxe6+ Qxe6+ 54. Nxe6 Kxe6 55. h5 Kd6 56. h6 Kc5 57. h7 Kb4 58. h8=Q Kxa4 59. b6 Kb5 60. b7 a4 61. b8=Q+ 1-0


[Site "https://www.chess.com"]

[Event "Titled Tuesday Blitz February 22 Early 2022"]
[White "Osmonbekov, Talaibek"]
[Black "Rustemov, Alexander"]
[WhiteFideId "2017253"]
[BlackFideId "4119002"]
[WhiteElo "2135"]
[BlackElo "2718"]
[Result "0-1"]
[Round "02"]
[TimeControl "180+1"]
[Date "2022.02.22"]
[WhiteClock "0:00:07"]
[BlackClock "0:00:19"]

1. d4 d5 2. Nc3 Nf6 3. Bf4 a6 4. e3 c5 5. Nf3 cxd4 6. exd4 Bg4 7. h3 Bxf3 8. Qxf3 Nc6 9. O-O-O e6 10. g4 Bd6 11. g5 Ng8 12. h4 Nge7 13. Bh3 Bxf4+ 14. Qxf4 Qb8 15. Qf3 Qd6 16. h5 Rf8 17. Kb1 O-O-O 18. Qd3 g6 19. a3 Qf4 20. Qe3 Qxe3 21. fxe3 Nf5 22. Bxf5 exf5 23. hxg6 hxg6 24. Rh7 Rd7 25. Kc1 Kc7 26. Kd2 Kd6 27. Na4 a5 28. Rdh1 Re8 29. Nc3 Nd8 30. b3 Ne6 31. Rg1 Rde7 32. Nb5+ Kc6 33. c4 f4 34. exf4 Nxf4 35. Rh2 Re2+ 36. Rxe2 Rxe2+ 37. Kc3 Re3+ 38. Kc2 Ne6 39. Rf1 Nxg5 40. Rf6+ Kd7 41. Rd6+ Ke7 42. Rxd5 Ne6 43. Nc3 Rh3 44. Rxa5 Nxd4+ 45. Kb2 Rh2+ 46. Kb1 Nxb3 47. Rb5 Nd2+ 48. Kc1 Nxc4 49. Rxb7+ Ke6 50. a4 g5 51. a5 Nxa5 52. Rb5 Nc4 53. Rxg5 Ne3 0-1


[Site "https://www.chess.com"]

[Event "Titled Tuesday Blitz February 22 Early 2022"]
[White "Ovetchkin, Roman"]
[Black "Paravyan, David"]
[WhiteFideId "4119991"]
[BlackFideId "4194985"]
[WhiteElo "2409"]
[BlackElo "2569"]
[Result "1/2-1/2"]
[Round "02"]
[TimeControl "180+1"]
[Date "2022.02.22"]
[WhiteClock "0:00:26"]
[BlackClock "0:00:05"]

1. d4 Nf6 2. c4 g6 3. Nc3 d5 4. cxd5 Nxd5 5. e4 Nxc3 6. bxc3 Bg7 7. Bc4 c5 8. Ne2 Nc6 9. Be3 O-O 10. h4 cxd4 11. cxd4 Qa5+ 12. Kf1 Qa3 13. Qc1 Qxc1+ 14. Rxc1 Bd7 15. f3 Rfc8 16. Kf2 Na5 17. Bd3 b5 18. d5 Nc4 19. Bxc4 bxc4 20. Bd4 e5 21. dxe6 Bxe6 22. Bxg7 Kxg7 23. Nf4 Kf6 24. Rc2 Rab8 25. Rhc1 Rb4 26. Ke3 Ra4 27. Ne2 Ra3+ 28. Nc3 Rd8 29. Rd2 Rb8 30. f4 h5 31. g3 Kg7 32. Kd4 Rd8+ 33. Ke3 Rd3+ 34. Rxd3 cxd3 35. Kd2 Bc4 36. Rb1 Ra6 37. a4 Rc6 38. Rb7 a6 39. Rb4 Rc5 40. Rb6 Kf8 41. Rb4 Kg7 42. Rb6 Kf8 43. Rb4 Kg7 1/2-1/2


[Site "https://www.chess.com"]

[Event "Titled Tuesday Blitz February 22 Early 2022"]
[White "Pajeken, Jakob Leon"]
[Black "Kozak, Adam"]
[WhiteFideId "12942839"]
[BlackFideId "753246"]
[WhiteElo "2351"]
[BlackElo "2459"]
[Result "0-1"]
[Round "02"]
[TimeControl "180+1"]
[Date "2022.02.22"]
[WhiteClock "0:00:36"]
[BlackClock "0:00:49"]

1. Nf3 d5 2. d4 Nf6 3. c4 e6 4. e3 Be7 5. Nbd2 O-O 6. Bd3 a6 7. O-O dxc4 8. Nxc4 b5 9. Nce5 Bb7 10. Qc2 Nbd7 11. Nc6 Bxc6 12. Qxc6 Rb8 13. Qxa6 Nc5 14. dxc5 Qxd3 15. b4 Nd5 16. Qa3 Qxa3 17. Bxa3 Ra8 18. Bb2 Nxb4 19. c6 Nxa2 20. Be5 b4 21. Nd4 Rfc8 22. g4 Bf6 23. Bxf6 gxf6 24. Rfb1 Rcb8 25. Rb2 e5 26. Nb3 Nc3 27. Rxa8 Rxa8 28. Nc5 Nd5 29. e4 Ra1+ 30. Kg2 Nf4+ 31. Kg3 Rg1+ 32. Kf3 Rc1 33. Na4 Rxc6 34. Rxb4 Rc2 35. Rb2 Rc1 36. h4 h6 37. g5 hxg5 38. hxg5 fxg5 39. Kg4 f6 40. Kf5 Kf7 41. Rb7 Ne6 42. Nb6 Rg1 0-1


[Site "https://www.chess.com"]

[Event "Titled Tuesday Blitz February 22 Early 2022"]
[White "Papp, Levente"]
[Black "Sadhwani, Raunak"]
[WhiteFideId "751243"]
[BlackFideId "35093487"]
[WhiteElo "2308"]
[BlackElo "2616"]
[Result "1-0"]
[Round "02"]
[TimeControl "180+1"]
[Date "2022.02.22"]
[WhiteClock "0:00:12"]
[BlackClock "0:00:48"]

1. g3 e5 2. c4 Nc6 3. Bg2 Bc5 4. Nc3 d6 5. e3 a6 6. Nge2 Ba7 7. O-O Nge7 8. d4 h5 9. h3 h4 10. g4 f5 11. d5 Nb8 12. gxf5 Nxf5 13. e4 Nd4 14. Kh2 Nxe2 15. Nxe2 g5 16. Be3 Nd7 17. Qd2 Rg8 18. Bf3 Nf6 19. Bxa7 Rxa7 20. Rg1 Qe7 21. Rac1 a5 22. Qe3 b6 23. Bg4 Bxg4 24. hxg4 Ra8 25. f3 Kf7 26. Nc3 Kg6 27. Nd1 Raf8 28. Qe2 Nd7 29. Ne3 Rf4 30. Nf5 Qf6 31. b3 Nc5 32. Qe3 Ra8 33. a3 a4 34. b4 Nb3 35. Rcf1 Nd4 36. Nxd4 exd4 37. Qd3 Rf8 38. e5+ 1-0


[Site "https://www.chess.com"]

[Event "Titled Tuesday Blitz February 22 Early 2022"]
[White "Papp, Petra"]
[Black "De Souza Sa, Apolo"]
[WhiteFideId "739049"]
[BlackFideId "324225390"]
[WhiteElo "2259"]
[BlackElo "1828"]
[Result "1/2-1/2"]
[Round "02"]
[TimeControl "180+1"]
[Date "2022.02.22"]
[WhiteClock "0:01:05"]
[BlackClock "0:01:28"]

1. d4 Nf6 2. c4 g6 3. Nc3 d5 4. cxd5 Nxd5 5. Bg5 Bg7 6. Nf3 Nxc3 7. bxc3 c5 8. Rc1 Nc6 9. e3 Bg4 10. Be2 cxd4 11. cxd4 Bxf3 12. Bxf3 Qa5+ 13. Qd2 Qxg5 14. Rxc6 O-O 15. Rc5 Qh4 16. O-O e5 17. Bxb7 Rab8 18. Bf3 exd4 19. exd4 Bxd4 20. Rd5 Rfd8 21. Rd1 Bb6 22. g3 Qf6 23. Kg2 Rxd5 24. Qxd5 Rd8 25. Qb3 Rxd1 26. Qxd1 Qd4 1/2-1/2


[Site "https://www.chess.com"]

[Event "Titled Tuesday Blitz February 22 Early 2022"]
[White "Pavlidou, Ekaterini"]
[Black "Pichot, Alan"]
[WhiteFideId "4213262"]
[BlackFideId "110973"]
[WhiteElo "2127"]
[BlackElo "2543"]
[Result "0-1"]
[Round "02"]
[TimeControl "180+1"]
[Date "2022.02.22"]
[WhiteClock "0:00:19"]
[BlackClock "0:00:10"]

1. d4 Nf6 2. c4 e6 3. Nc3 Bb4 4. e3 O-O 5. Ne2 Re8 6. a3 Bf8 7. Nf4 d6 8. Be2 Nbd7 9. Nd3 e5 10. d5 e4 11. Nf4 Ne5 12. O-O g6 13. f3 exf3 14. gxf3 g5 15. Ng2 Bh3 16. Rf2 h6 17. e4 Ng6 18. Bf1 Bg7 19. Ne3 Bd7 20. Bg2 Nh5 21. Ne2 Nhf4 22. Qf1 Nd3 23. Ng3 Nxf2 24. Qxf2 Nf4 25. Ngf5 Be5 26. Bf1 Bxf5 27. Nxf5 Qf6 28. Be3 b6 29. Rb1 Kh7 30. b4 a5 31. b5 Ng6 32. a4 Bf4 33. Bd3 Ne5 34. Be2 Rg8 35. Kh1 Rg6 36. Rg1 Rag8 37. Bd4 Qd8 38. Qg2 Nd7 39. Qh3 Be5 40. Be3 Bf4 41. Bd4 Ne5 42. Rg2 Qf6 43. Rg1 Rh8 44. Qh5 Kg8 45. Bf1 Kf8 46. Bh3 Ke8 47. Bg4 Kd8 48. Rg2 Rgg8 49. Re2 Qg6 50. Rg2 Qxh5 51. Bxh5 Rh7 52. h3 Nxc4 53. Rc2 Ne5 54. Bxe5 Bxe5 55. Kg2 Rg6 56. Kf1 Rh8 57. Kg2 Kd7 58. Kf1 Rf6 59. Kg2 Re8 60. Kf1 Bf4 61. Re2 Re5 62. Kg2 Kd8 63. Bg4 h5 64. Bxh5 Rfxf5 65. exf5 Rxe2+ 66. Kf1 Re5 67. Bxf7 Rxf5 68. Be6 Re5 69. Kg2 Re2+ 70. Kf1 Ra2 0-1


[Site "https://www.chess.com"]

[Event "Titled Tuesday Blitz February 22 Early 2022"]
[White "Petesch, Gabriel"]
[Black "Goldin, Roman"]
[WhiteFideId "2032465"]
[BlackFideId "2803860"]
[WhiteElo "2374"]
[BlackElo "2312"]
[Result "1-0"]
[Round "02"]
[TimeControl "180+1"]
[Date "2022.02.22"]
[WhiteClock "0:00:03"]
[BlackClock "0:00:01"]

1. Nf3 Nf6 2. g3 b5 3. Bg2 Bb7 4. O-O c5 5. d3 d6 6. Nc3 b4 7. Ne4 Nxe4 8. dxe4 Bxe4 9. c3 bxc3 10. bxc3 Qd7 11. Bf4 g6 12. Qd2 Bg7 13. Bh6 O-O 14. Bxg7 Kxg7 15. Qf4 Bc6 16. Rfd1 Qf5 17. Qh4 Qf6 18. Qc4 Nd7 19. Qa6 Rfc8 20. Qa3 Ne5 21. Nxe5 Qxe5 22. e3 Bxg2 23. Kxg2 Rcb8 24. Rd2 Rb7 25. Rad1 Rab8 26. c4 Qe4+ 27. Kg1 Qxc4 28. Rc1 Rb1 29. Rdd1 Rxc1 30. Rxc1 Qe2 31. Qxa7 Rb2 32. Rf1 Kf6 33. a4 h5 34. h4 Qd2 35. Qa8 c4 36. Qh8+ Ke6 37. Qc8+ Kf6 38. Qxc4 Rb4 39. Qc6 Qd3 40. a5 Rc4 41. Qb5 d5 42. a6 e6 43. a7 Qa3 44. Qb8 Ra4 45. Qh8+ Ke7 46. Rb1 Rxa7 47. Rb8 Kd6 48. Rd8+ Kc5 49. Qd4+ Kb5 50. Rb8+ Kc6 51. Qb6+ Kd7 52. Qd8+ Kc6 53. Rb6+ Kc5 54. Qd6+ Kc4 55. Rc6+ Kd3 56. Qb8 Qa1+ 57. Kg2 Qa3 58. Qb1+ Kd2 59. Rc2+ Kd3 60. Ra2+ 1-0


[Site "https://www.chess.com"]

[Event "Titled Tuesday Blitz February 22 Early 2022"]
[White "Petrova, Irina"]
[Black "Weishaeutel, Moritz"]
[WhiteFideId "14124122"]
[BlackFideId "12967300"]
[WhiteElo "1988"]
[BlackElo "2002"]
[Result "0-1"]
[Round "02"]
[TimeControl "180+1"]
[Date "2022.02.22"]
[WhiteClock "0:00:06"]
[BlackClock "0:00:43"]

1. e4 e5 2. Nf3 Nf6 3. Nxe5 Nc6 4. Nxc6 dxc6 5. d3 Bc5 6. Be2 h5 7. h3 Qd4 8. Rf1 Qd6 9. c3 Bb6 10. Nd2 Qh2 11. Bf3 Be6 12. Nc4 O-O-O 13. Nxb6+ axb6 14. Bg5 Bc4 15. Qa4 Bxd3 16. O-O-O Kb8 17. Rfe1 Qe5 18. Bxf6 Qxf6 19. e5 Qg5+ 20. Re3 Bb5 21. Qb3 Rxd1+ 22. Qxd1 Rd8 23. Qb3 Qf4 24. g3 Qf5 25. c4 Ba6 26. Qc3 Qxh3 27. Re1 Qe6 28. b3 Qf5 29. Qb4 Qxf3 30. Qe7 Qd3 31. Rh1 Qc3+ 32. Kb1 Rd2 33. Qe8+ Ka7 0-1


[Site "https://www.chess.com"]

[Event "Titled Tuesday Blitz February 22 Early 2022"]
[White "Piesik, Piotr"]
[Black "Stefanov, Plamen"]
[WhiteFideId "1136194"]
[BlackFideId "2900980"]
[WhiteElo "2232"]
[BlackElo "2137"]
[Result "1-0"]
[Round "02"]
[TimeControl "180+1"]
[Date "2022.02.22"]
[WhiteClock "0:00:38"]
[BlackClock "0:00:06"]

1. Nf3 d5 2. g3 c6 3. Bg2 Bg4 4. O-O Bxf3 5. Bxf3 Nd7 6. d3 e5 7. Nd2 Ngf6 8. e4 Be7 9. Qe2 O-O 10. Bg2 d4 11. f4 h5 12. Nc4 Ng4 13. h3 b5 14. hxg4 bxc4 15. dxc4 hxg4 16. Qxg4 Nf6 17. Qf3 Nd7 18. Bh3 Bd6 19. Bd2 Qe7 20. b3 Rae8 21. Rae1 f6 22. Kg2 Nc5 23. Bf5 Qf7 24. Qg4 g6 25. Bxg6 Qg7 26. Rh1 exf4 27. Qh5 Re7 28. b4 Ne6 29. c5 Be5 30. Bh7+ Qxh7 31. Qg4+ Qg7 32. Rh4 fxg3 33. Qh5 Ng5 34. Reh1 Rfe8 35. Rg4 Kf8 36. Bxg5 fxg5 37. Rxg5 Qf6 38. Rf5 Rf7 39. Rxf6 Rxf6 40. Rf1 Rf7 41. Qxf7# 1-0


[Site "https://www.chess.com"]

[Event "Titled Tuesday Blitz February 22 Early 2022"]
[White "Pinheiro, Iung Alicio de O."]
[Black "Indjic, Aleksandar"]
[WhiteFideId "2104350"]
[BlackFideId "911925"]
[WhiteElo "2587"]
[BlackElo "2616"]
[Result "0-1"]
[Round "02"]
[TimeControl "180+1"]
[Date "2022.02.22"]
[WhiteClock "0:00:11"]
[BlackClock "0:01:25"]

1. e4 c6 2. Nf3 d5 3. Nc3 Bg4 4. h3 Bxf3 5. Qxf3 e6 6. g3 Nf6 7. Bg2 Nbd7 8. O-O d4 9. Nb1 h5 10. d3 h4 11. Bf4 Nh5 12. a4 g5 13. Bd2 Ne5 14. Qd1 hxg3 15. fxg3 Nxg3 16. Rf2 Nh5 17. Na3 Nf4 18. Bxf4 gxf4 19. Rxf4 Qg5 20. Rf2 Rxh3 21. Nc4 Nxc4 22. dxc4 d3 23. Kf1 Rg3 24. cxd3 Bc5 25. d4 O-O-O 26. Rd2 Qf4+ 27. Kg1 Qe3+ 28. Kf1 Rxd4 0-1


[Site "https://www.chess.com"]

[Event "Titled Tuesday Blitz February 22 Early 2022"]
[White "Pires, Marcos Vinicius Torsani"]
[Black "Namitbir Singh Walia"]
[WhiteFideId "2118939"]
[BlackFideId "35071068"]
[WhiteElo "2273"]
[BlackElo "1479"]
[Result "0-1"]
[Round "02"]
[TimeControl "180+1"]
[Date "2022.02.22"]
[WhiteClock "0:00:18"]
[BlackClock "0:00:07"]

1. e4 c5 2. c3 d5 3. exd5 Qxd5 4. d4 Nc6 5. Nf3 Bg4 6. Be2 Nf6 7. c4 Qd7 8. d5 Bxf3 9. Bxf3 Nd4 10. O-O Nxf3+ 11. Qxf3 g6 12. Nc3 Bg7 13. Be3 b6 14. Rad1 O-O 15. Rfe1 Rfe8 16. h3 Rad8 17. Bg5 Qb7 18. Re2 h6 19. Bh4 g5 20. Bg3 e6 21. Be5 Nh7 22. Bxg7 Kxg7 23. Red2 e5 24. Ne4 Qd7 25. Ng3 Nf6 26. Nf5+ Kg6 27. g4 e4 28. Qg3 h5 29. Re2 hxg4 30. hxg4 Rh8 31. Kg2 Rh7 32. Rh1 Rxh1 33. Kxh1 Rh8+ 34. Kg2 b5 35. b3 bxc4 36. bxc4 Nxg4 37. Qxg4 Qxf5 38. Rxe4 Qf6 39. Qf3 Qd6 40. Qg3 Qd7 41. Re1 Rh4 42. f3 Qa4 43. Re2 Qd1 44. Qe1 Qd3 45. Re3 Qxc4 46. d6 Rd4 47. Re5 Rxd6 48. Qe4+ Qxe4 49. fxe4 Rd2+ 50. Kf3 Rxa2 51. Rxc5 Ra3+ 52. Kg4 f6 53. Rc6 Ra4 54. Kf3 Rb4 55. e5 Rf4+ 56. Ke3 Kf7 57. exf6 Rxf6 58. Rc7+ Kg6 59. Rxa7 Kh5 60. Ra1 g4 61. Rh1+ Kg5 62. Ke4 g3 63. Ke3 Kg4 64. Ke2 g2 65. Rh8 Kg3 66. Rg8+ Kh2 67. Rh8+ Kg1 68. Rh7 Rf5 69. Rh6 Rf2+ 70. Ke1 Rf5 71. Ke2 Rf2+ 72. Ke1 Rf8 73. Ke2 Re8+ 74. Kd2 Re5 75. Rh8 Kf2 76. Rf8+ Kg3 77. Rg8+ Kf3 78. Rf8+ Kg4 79. Rg8+ Rg5 80. Rxg5+ Kxg5 0-1


[Site "https://www.chess.com"]

[Event "Titled Tuesday Blitz February 22 Early 2022"]
[White "Politov, Pavel Y."]
[Black "Lopez Gracia, Fernando"]
[WhiteFideId "24110515"]
[BlackFideId "2207184"]
[WhiteElo "2090"]
[BlackElo "2430"]
[Result "0-1"]
[Round "02"]
[TimeControl "180+1"]
[Date "2022.02.22"]
[WhiteClock "0:00:10"]
[BlackClock "0:00:17"]

1. e4 c5 2. Nf3 e6 3. d4 cxd4 4. Nxd4 Nf6 5. Nc3 d6 6. g4 h6 7. Rg1 Nc6 8. Be3 a6 9. h4 Be7 10. g5 hxg5 11. hxg5 Nd7 12. g6 Nf6 13. gxf7+ Kxf7 14. Qd2 Qa5 15. Nb3 Qc7 16. O-O-O Bd7 17. f4 Kg8 18. f5 Ne5 19. fxe6 Bxe6 20. Nd5 Bxd5 21. exd5 Nf3 22. Rxg7+ Kxg7 23. Qg2+ Kf7 24. Qxf3 Rh2 25. Bd3 Qd7 26. Rg1 Qh3 27. Bg6+ Kf8 28. Qf4 Rh1 29. Nd4 Rxg1+ 30. Bxg1 Kg7 31. Bf5 Qg2 32. Ne6+ Kf7 33. Bd4 Rg8 34. b3 Qh1+ 35. Kb2 Nxd5 36. Qh6 Qxh6 0-1


[Site "https://www.chess.com"]

[Event "Titled Tuesday Blitz February 22 Early 2022"]
[White "Postnikov, Daniil"]
[Black "Zierk, Steven"]
[WhiteFideId "4166329"]
[BlackFideId "2034255"]
[WhiteElo "2261"]
[BlackElo "2494"]
[Result "0-1"]
[Round "02"]
[TimeControl "180+1"]
[Date "2022.02.22"]
[WhiteClock "0:00:02"]
[BlackClock "0:00:09"]

1. e4 e6 2. d4 d5 3. exd5 exd5 4. Nf3 Nc6 5. c3 Bd6 6. Bd3 Bg4 7. h3 Bh5 8. O-O Nge7 9. Re1 Qd7 10. Nbd2 O-O-O 11. Qc2 f6 12. b4 Rde8 13. a4 g5 14. a5 Bxf3 15. Nxf3 h5 16. b5 Nd8 17. b6 a6 18. bxc7 Ndc6 19. Nd2 h4 20. Nf1 g4 21. hxg4 Qxg4 22. Be2 Qd7 23. Bf3 Qxc7 24. Ba3 Bxa3 25. Rxa3 Nxd4 26. Bg4+ f5 27. Qd3 fxg4 28. Qxd4 Reg8 29. Rb3 g3 30. fxg3 hxg3 31. Ne3 Nc6 32. Qxd5 Rf8 33. Qe6+ Kb8 34. Nd5 Qxa5 35. Rxb7+ Kxb7 36. Qd7+ Kb8 37. Rb1+ Nb4 38. Rxb4+ Qxb4 39. cxb4 Rh1+ 0-1


[Site "https://www.chess.com"]

[Event "Titled Tuesday Blitz February 22 Early 2022"]
[White "Priasmoro, Novendra"]
[Black "Unat, Can Haktan"]
[WhiteFideId "7105029"]
[BlackFideId "6398073"]
[WhiteElo "2309"]
[BlackElo "1980"]
[Result "1-0"]
[Round "02"]
[TimeControl "180+1"]
[Date "2022.02.22"]
[WhiteClock "0:01:10"]
[BlackClock "0:00:08"]

1. e4 c5 2. Nf3 e6 3. d4 cxd4 4. Nxd4 Nf6 5. Bd3 Nc6 6. Nxc6 dxc6 7. e5 Qa5+ 8. Nc3 Qxe5+ 9. Be3 Bc5 10. O-O Bxe3 11. fxe3 Qxe3+ 12. Kh1 Bd7 13. b4 h5 14. Rf3 Qe5 15. Qd2 Ng4 16. g3 h4 17. Re1 Qc7 18. Qg5 hxg3 19. Qxg4 Rxh2+ 20. Kg1 Qb6+ 21. Ree3 O-O-O 22. Na4 Qc7 23. Qxg3 Rdh8 24. Qxc7+ Kxc7 25. Rxf7 Rh1+ 26. Kg2 R8h2+ 27. Kf3 Rh3+ 28. Ke4 Rh4+ 29. Rf4 g5 30. Rxh4 Rxh4+ 31. Ke5 Rxb4 32. Nc5 Rb2 33. Rh3 b6 34. Nxd7 Kxd7 35. Rh7+ Kc8 36. Kd6 a5 37. Kxc6 Kd8 38. Rd7+ Ke8 39. a4 Rb4 40. Bb5 g4 41. Rg7 Kf8 42. Rg5 Kf7 43. Kxb6 Kf6 44. Rg8 Kf5 45. Kxa5 Rb1 46. Kb6 Kf4 47. a5 g3 48. a6 Ra1 49. a7 Rxa7 50. Kxa7 Kf3 51. Bc6+ Kf2 52. Kb6 e5 53. Kc5 e4 54. Bxe4 Kg1 55. Rxg3+ Kh2 56. Rg2+ Kh1 57. Rd2+ Kg1 58. Kd4 Kf1 59. Ke3 Ke1 60. Bf3 Kf1 61. Rd1# 1-0


[Site "https://www.chess.com"]

[Event "Titled Tuesday Blitz February 22 Early 2022"]
[White "Prieto Aranguren, Alain"]
[Black "Jeet, Jain"]
[WhiteFideId "2268906"]
[BlackFideId "5073022"]
[WhiteElo "2235"]
[BlackElo "2085"]
[Result "0-1"]
[Round "02"]
[TimeControl "180+1"]
[Date "2022.02.22"]
[WhiteClock "0:00:04"]
[BlackClock "0:01:02"]

1. e4 e5 2. f4 exf4 3. Nf3 Nf6 4. Nc3 d5 5. e5 Ne4 6. d4 g5 7. Bd3 Nxc3 8. bxc3 c5 9. O-O c4 10. Be2 Nc6 11. Rb1 b6 12. Bd2 Be6 13. Ne1 Qd7 14. g3 fxg3 15. hxg3 Be7 16. Nf3 g4 17. Ng5 h5 18. Rf2 h4 19. Nxe6 fxe6 20. Bxg4 hxg3 21. Rg2 Kd8 22. Rxg3 Kc7 23. Qe2 Rag8 24. Rf1 Nd8 25. Bf4 Rg6 26. Rg2 Rhg8 27. Qf3 Nf7 28. Rff2 Bg5 29. Bh5 R6g7 30. Bxf7 Qxf7 31. Bxg5 Qxf3 32. Rxf3 Rxg5 33. Rxg5 Rxg5+ 34. Kf2 Rg7 35. Rf6 Kd7 36. Ke2 b5 37. Kd2 a5 38. Kc1 b4 39. Kb2 Rg3 40. cxb4 axb4 41. Rf7+ Kd8 42. Rb7 Rg4 43. Rxb4 Rxd4 44. Rb6 Kd7 45. a4 Re4 46. a5 Rxe5 47. Ka3 Re1 48. Kb2 Kc7 49. Rb4 Rf1 50. a6 Rf8 51. Kc3 Ra8 52. Rb7+ Kc6 53. Re7 Kd6 54. Rb7 Rxa6 55. Kb4 Ra1 56. Rb6+ Ke5 57. Kc5 Rc1 58. Rb7 Rxc2 59. Rh7 Rf2 60. Rh5+ Rf5 61. Rh1 Ke4 62. Re1+ Kd3 63. Rxe6 d4+ 64. Kb4 c3 65. Re1 c2 66. Kb3 Rb5+ 67. Ka2 Kd2 68. Rh1 c1=Q 69. Rh2+ Kc3 70. Rh3+ Qe3 71. Rh7 Qd2+ 72. Ka1 Qb2# 0-1


[Site "https://www.chess.com"]

[Event "Titled Tuesday Blitz February 22 Early 2022"]
[White "Prohorov, Olexandr"]
[Black "Novikov, Evgenij"]
[WhiteFideId "14105578"]
[BlackFideId "4125380"]
[WhiteElo "1993"]
[BlackElo "2242"]
[Result "0-1"]
[Round "02"]
[TimeControl "180+1"]
[Date "2022.02.22"]
[WhiteClock "0:00:02"]
[BlackClock "0:00:19"]

1. e4 c6 2. d4 d5 3. e5 Bf5 4. Nc3 e6 5. g4 Bg6 6. Nge2 h6 7. Nf4 Bh7 8. Nh5 Bg6 9. Rg1 Ne7 10. Bd3 a6 11. Be3 Nd7 12. a3 c5 13. f4 Bxd3 14. Qxd3 cxd4 15. Bxd4 Nc6 16. Bf2 Bc5 17. Bxc5 Nxc5 18. Qh3 Rg8 19. O-O-O Qc7 20. g5 O-O-O 21. gxh6 gxh6 22. Nf6 Rxg1 23. Rxg1 d4 24. Nce4 d3 25. Nxc5 Nd4 26. Qxd3 Qxc5 27. Ne4 Ne2+ 28. Kb1 Qxg1+ 29. Ka2 Nc1+ 0-1


[Site "https://www.chess.com"]

[Event "Titled Tuesday Blitz February 22 Early 2022"]
[White "Qashashvili, Alexandre"]
[Black "Zavgorodniy, Sergiy"]
[WhiteFideId "13600842"]
[BlackFideId "14110148"]
[WhiteElo "2316"]
[BlackElo "2420"]
[Result "1-0"]
[Round "02"]
[TimeControl "180+1"]
[Date "2022.02.22"]
[WhiteClock "0:00:09"]
[BlackClock "0:00:02"]

1. e4 e5 2. Nf3 d6 3. Nc3 Nf6 4. Bc4 Be7 5. d3 O-O 6. h3 c6 7. O-O Nbd7 8. a3 Nc5 9. Bg5 Ne6 10. Bh4 Nd7 11. Bxe7 Qxe7 12. d4 Nf4 13. dxe5 dxe5 14. Ne2 Nh5 15. Qd2 Nc5 16. Qg5 Qxg5 17. Nxg5 h6 18. Nf3 Nxe4 19. Nxe5 Nd2 20. Rfd1 Nxc4 21. Nxc4 Be6 22. Ne3 Rfd8 23. Rxd8+ Rxd8 24. Rd1 Rxd1+ 25. Nxd1 Kf8 26. Ne3 g5 27. f3 Ke7 28. Kf2 f5 29. g4 Ng7 30. Nd4 Bd7 31. Nc4 c5 32. Ne2 b6 33. c3 Bb5 34. Ne3 Bc6 35. b4 Ke6 36. Nc1 h5 37. Nd3 cxb4 38. cxb4 h4 39. Nb2 fxg4 40. fxg4 Be4 41. Nbc4 Ne8 42. Nd2 Nf6 43. Nf3 Bxf3 44. Kxf3 Ke5 45. Nc4+ Kd4 46. Nd6 a6 47. a4 Kc3 48. b5 axb5 49. Nxb5+ Kb4 50. Nd6 Kxa4 51. Nf7 Nh7 52. Ke4 b5 53. Kf5 b4 54. Kg6 b3 55. Kxh7 b2 56. Nxg5 b1=Q+ 57. Kh6 Qh1 58. Kh5 Qe1 59. Nf3 Qg3 60. Nxh4 Qxh3 61. g5 Qd3 62. g6 Qe2+ 63. Kh6 Qe3+ 64. Kh7 Qe4 65. Kh8 Qxh4+ 66. Kg8 Kb5 67. g7 Qf6 68. Kh7 Qf5+ 69. Kh8 Qh5+ 70. Kg8 Kc5 71. Kf8 Qf5+ 72. Ke7 Qg6 73. Kf8 Qf6+ 74. Kg8 Kd6 75. Kh7 Qf5+ 76. Kh6 Qh3+ 77. Kg6 Qg4+ 78. Kf7 Qf5+ 79. Ke8 Qe6+ 80. Kf8 Qf6+ 81. Kg8 Ke6 82. Kh7 Qf5+ 83. Kh6 Qh3+ 84. Kg6 Qg3+ 85. Kh7 Qh4+ 86. Kg6 Qg4+ 87. Kh6 Kf7 88. g8=Q+ 1-0


[Site "https://www.chess.com"]

[Event "Titled Tuesday Blitz February 22 Early 2022"]
[White "Rangel, Daniel"]
[Black "Omariev, Maksim"]
[WhiteFideId "2124475"]
[BlackFideId "4193423"]
[WhiteElo "2187"]
[BlackElo "2501"]
[Result "0-1"]
[Round "02"]
[TimeControl "180+1"]
[Date "2022.02.22"]
[WhiteClock "0:00:10"]
[BlackClock "0:00:05"]

1. c4 e5 2. g3 Nf6 3. Bg2 d5 4. cxd5 Nxd5 5. Nf3 Nc6 6. O-O Be7 7. d4 e4 8. Ne5 Nxe5 9. dxe5 Bf5 10. Qa4+ Qd7 11. Qxd7+ Kxd7 12. Rd1 Ke6 13. g4 Bg6 14. f4 exf3 15. exf3 Bc5+ 16. Kh1 Rad8 17. Re1 h5 18. Bg5 Be7 19. Bxe7 Kxe7 20. Na3 Nf4 21. Rac1 c6 22. Rcd1 Ke6 23. Kg1 Rxd1 24. Rxd1 Kxe5 25. Nc4+ Ke6 26. Re1+ Kd5 27. Ne3+ Kc5 28. Nc2 Rd8 29. b4+ Kc4 30. Ne3+ Kxb4 31. g5 Rd2 32. Bf1 Ka3 33. Nd1 Rxa2 34. Nc3 Rc2 35. Nd1 b5 36. Re3+ Ka4 37. Nf2 Rc4 38. Re7 Kb4 39. Rxa7 Rc1 40. Re7 c5 41. Re4+ Bxe4 42. Nxe4 c4 43. Kf2 Nd3+ 44. Ke3 Rxf1 45. Nd2 Re1+ 46. Kd4 Rd1 47. Ne4 Nf2+ 48. Ke3 Nxe4 49. fxe4 c3 50. Kf4 c2 51. Ke5 c1=Q 52. Kf5 Qc5+ 53. e5 Rf1+ 54. Ke4 Qc4+ 55. Ke3 Kc5 0-1


[Site "https://www.chess.com"]

[Event "Titled Tuesday Blitz February 22 Early 2022"]
[White "Redzisz, Michal"]
[Black "Abdyzhapar, Asylbek"]
[WhiteFideId "21816107"]
[BlackFideId "13800337"]
[WhiteElo "1961"]
[BlackElo "2331"]
[Result "0-1"]
[Round "02"]
[TimeControl "180+1"]
[Date "2022.02.22"]
[WhiteClock "0:01:32"]
[BlackClock "0:02:48"]

1. Nf3 Nf6 2. b4 e6 3. b5 a6 4. e3 axb5 5. Bxb5 Be7 6. O-O O-O 7. d4 d5 8. Nbd2 c6 9. Bd3 b5 10. Bb2 Nbd7 11. Qe2 Nb6 12. Ne5 Bb7 13. e4 Na4 14. Rfb1 Nxb2 15. Rxb2 dxe4 16. Nxe4 Qxd4 17. c3 Qxe5 18. Re1 Nxe4 19. Bxe4 Qxc3 20. Qd1 Qxb2 21. Qd8 0-1


[Site "https://www.chess.com"]

[Event "Titled Tuesday Blitz February 22 Early 2022"]
[White "Richter, Nils"]
[Black "Steil-Antoni, Fiona"]
[WhiteFideId "12990809"]
[BlackFideId "4001249"]
[WhiteElo "2289"]
[BlackElo "2059"]
[Result "1/2-1/2"]
[Round "02"]
[TimeControl "180+1"]
[Date "2022.02.22"]
[WhiteClock "0:00:20"]
[BlackClock "0:00:10"]

1. e4 e5 2. Nf3 Nc6 3. Nc3 Nf6 4. d4 exd4 5. Nxd4 Bb4 6. Nxc6 bxc6 7. Bd3 d5 8. Bd2 O-O 9. O-O Bxc3 10. Bxc3 dxe4 11. Bc4 Nd5 12. Bd4 Qg5 13. f4 Nxf4 14. Rxf4 Qxf4 15. Qe2 Bg4 16. Qf2 Qxf2+ 17. Kxf2 Rad8 18. Ke3 Rfe8 19. Bxa7 Be6 20. Bxe6 Rxe6 21. a4 Rg6 22. g3 Rh6 23. a5 Rxh2 24. a6 Ra8 25. Bd4 Rxc2 26. a7 c5 27. Bc3 h6 28. Kxe4 Re2+ 29. Kd5 Re6 30. Kxc5 h5 31. Bd4 g5 32. Kc4 h4 33. Ra5 Rg6 34. gxh4 gxh4 35. Rb5 Kh7 36. Rb8 Rxa7 37. Bxa7 Rc6+ 38. Kd5 Ra6 39. Bd4 Kg6 40. Rh8 Ra5+ 41. Kc4 Rh5 42. Rxh5 Kxh5 43. Be5 c6 44. Kc5 Kg4 45. Kxc6 f5 46. Bh2 Kh3 47. Be5 Kg4 48. b4 f4 49. b5 h3 50. b6 h2 51. b7 h1=Q+ 52. Kc7 Qxb7+ 53. Kxb7 f3 54. Bd4 Kf4 55. Kc6 Ke4 56. Bf2 Kd3 57. Kd5 Ke2 58. Bg3 f2 59. Bxf2 1/2-1/2


[Site "https://www.chess.com"]